 Dungeon Crawl Stone Soup version 0.20.1-1-g8b1a95d (webtiles) character file.

247 froobite the Chopper (level 5, -8/48 HPs)
             Began as a Minotaur Berserker on July 31, 2017.
             Was a Believer of Trog.
             Mangled by tmwrnj's ghost (14 damage)
             ... on level 4 of the Dungeon.
             The game lasted 00:13:43 (2376 turns).

froobite the Chopper (Minotaur Berserker)           Turns: 2376, Time: 00:13:44

Health: -8/48      AC:  4    Str: 21    XL:     5   Next: 85%
Magic:  4/4        EV: 12    Int:  5    God:    Trog [**....]
Gold:   90         SH:  0    Dex: 10    Spells: 4/4 levels left

rFire    + . .     SeeInvis .   a - +1 hand axe
rCold    x . .     Gourm    .   (no shield)
rNeg     . . .     Faith    .   i - +1 leather armour
rPois    .         Spirit   .   (helmet restricted)
rElec    .         Reflect  .   (no cloak)
rCorr    .         Harm     .   (no gloves)
MR       .....                  (no boots)
Stlth    +.........             (no amulet)
Regen    0.2/turn               e - ring of fire
MPRegen  0.1/turn               (no ring)

@: no status effects
A: retaliatory headbutt, horns 2
a: Berserk, Trog's Hand, Burn Spellbooks, Renounce Religion


You were on level 4 of the Dungeon.
You worshipped Trog.
Trog was pleased with you.
You were not hungry.

You visited 1 branch of the dungeon, and saw 4 of its levels.

You collected 90 gold pieces.

Inventory:

Hand Weapons
 a - a +1 hand axe (weapon)
 j - a +0 whip of pain
 q - a +0 halberd
Missiles
 k - 3 tomahawks (quivered)
Armour
 b - a +0 animal skin
 i - a +1 leather armour (worn)
Jewellery
 d - a cursed +6 amulet of reflection {unknown}
 e - a ring of fire (left hand)
Wands
 p - a wand of flame (14/48)
Scrolls
 g - 2 scrolls of magic mapping
 m - 2 scrolls of teleportation
Potions
 l - a potion of ambrosia
 n - a potion of lignification
 o - 3 potions of brilliance
 r - 2 potions of mutation {unknown}
 s - a potion of magic {unknown}
Comestibles
 c - 4 bread rations
 f - a royal jelly
 h - a meat ration
 t - 3 chunks of flesh


   Skills:
 + Level 5.2 Fighting
 + Level 5.8 Axes
 + Level 3.4 Armour
 + Level 3.3 Dodging
 + Level 0.3 Stealth


You had 4 spell levels left.
You didn't know any spells.

Dungeon Overview and Level Annotations

Branches:
Dungeon (4/15)
 Temple: D:4-7

Altars:
Dithmenos
Elyvilon
Ru
Sif Muna

Annotations:
D:4 tmwrnj's ghost, novice HOFi


Innate Abilities, Weirdness & Mutations

You reflexively headbutt those who attack you in melee.
You have a pair of horns on your head.


Message History

Things that are here:
a spear; a gnoll corpse You recover from your berserk rage.
You eat one of the 2 royal jellies.
That royal jelly was delicious!
A quokka comes into view.
Tmwrnj's ghost (novice Hill Orc Fighter) comes into view.
Tmwrnj's ghost turns its malevolent gaze towards you.
Tmwrnj's ghost barely misses you.
You barely miss tmwrnj's ghost. Tmwrnj's ghost barely misses you.
You hit tmwrnj's ghost.
Tmwrnj's ghost is lightly damaged.
Tmwrnj's ghost hits you!
You hit tmwrnj's ghost.
Tmwrnj's ghost is moderately damaged.
Tmwrnj's ghost hits you!
* * * LOW HITPOINT WARNING * * *
You hit tmwrnj's ghost.
Tmwrnj's ghost is moderately damaged.
Tmwrnj's ghost hits you!
You die...

######### ###
#.......###.##
#....).......## ##.
#.....).......##...
##..)<.............
##................
##....@..........
#..##..W....#.....
#...##........#.....
....###.......##.....
..## #........# ....
. ##.......## .r.
#........#
##.......##
#........##


You could see tmwrnj's ghost.

Vanquished Creatures
  Crazy Yiuf (D:3)
  A gnoll shaman (D:4)
  Jessica (D:3)
  Natasha (D:2)
  7 gnolls
  2 adders
  A worm (D:4)
  2 dart slugs (D:2)
  2 leopard geckos
  2 orcs (D:3)
  3 giant cockroaches
  4 goblins
  5 hobgoblins
  A ball python (D:2)
  12 bats
  5 frilled lizards
  4 kobolds
  4 rats
58 creatures vanquished.

Notes
Turn   | Place    | Note
-------+----------+-------------------------------------------
     0 | D:1      | froobite the Minotaur Berserker began the quest for the Orb.
     0 | D:1      | Reached XP level 1. HP: 19/19 MP: 0/0
   670 | D:1      | Reached XP level 2. HP: 27/27 MP: 1/1
  1136 | D:2      | Found a shadowy altar of Dithmenos.
  1156 | D:2      | Found a deep blue altar of Sif Muna.
  1212 | D:2      | Reached XP level 3. HP: 27/34 MP: 2/2
  1532 | D:2      | Noticed Natasha
  1540 | D:2      | Killed Natasha
  1643 | D:3      | Reached XP level 4. HP: 21/41 MP: 3/3
  1676 | D:3      | Found a sacrificial altar of Ru.
  1689 | D:3      | Reached ** piety under Trog
  1784 | D:3      | Noticed Jessica
  1791 | D:3      | Killed Jessica
  1791 | D:3      | Reached skill level 5 in Axes
  1829 | D:3      | Found a white marble altar of Elyvilon.
  2109 | D:3      | Reached XP level 5. HP: 46/47 MP: 4/4
  2119 | D:3      | HP: 2/47 [gnoll/halberd (6)]
  2191 | D:3      | Found a runed door.
  2250 | D:3      | Noticed Crazy Yiuf
  2253 | D:3      | Killed Crazy Yiuf
  2253 | D:3      | Reached skill level 5 in Fighting
  2353 | D:4      | Noticed tmwrnj's ghost (novice HOFi)
  2376 | D:4      | Mangled by tmwrnj's ghost

Skill      XL: |  1  2  3  4  5 |
---------------+----------------+-----
Fighting       | 4 5 |  5.2
Axes           | 4 5 |  5.8
Armour         | 3 |  3.4
Dodging        | 3 |  3.3
Stealth        | |  0.3

Action                   |  1- 3 |  4- 6 || total
-------------------------+-------+-------++-------
Melee: Hand axe          |    80 |    43 ||   123
       Headbutt          |     6 |     6 ||    12
Throw: Tomahawk          |       |     1 ||     1
Invok: Berserk           |       |     1 ||     1
       Trog's Hand       |       |     1 ||     1
  Use: Scroll            |     8 |     6 ||    14
       Potion            |       |     1 ||     1
  Eat: Meat ration       |     1 |       ||     1
       Royal jelly       |       |     1 ||     1
Armor: Animal skin       |     6 |       ||     6
       Leather armour    |    25 |    18 ||    43
Dodge: Dodged            |    66 |    38 ||   104
